Description

Opening This opening build sets you up in a solid defensive position with a strong economy if your opponent is playing standard. If the Terran is doing anything on 1 base, such as proxy barracks or 3 barracks reaper, you will need to deviate from this opening.

Build Order

Get SALT Encoding   

  12  0:00  Drone  
  13  0:01  Overlord  
  14  0:02  Drone  
  14  0:03  Drone  
  16  0:04  Hatchery  200 Minerals
  15  0:05  Drone  
  15  0:06  Drone  
  15  0:07  Drone  
  18  0:08  Extractor  Rally 17th Drone From Egg
  17  0:09  Spawning Pool  Rally 18th Drone From Egg
  16  0:10  Drone  
  16  0:11  Drone  
  16  0:12  Drone  
  16  0:13  Drone  
  20  0:14  Overlord  
  20  0:15  Queen  
  20  0:16  Queen  
  20  0:17  Zergling  
  20  0:18  Zergling  
  20  0:19  Zergling  
  20  0:20  Zergling  
  28  0:21  Hatchery  @60 gas pull 2 drones off gas, one to third base
  27  0:22  Drone  
  29  0:23  Queen  Main base, send 4 lings to main, 2 queens to natual
  31  0:24  Metabolic Boost  
  31  0:25  Overlord  
  31  0:26  Drone  RALLY TO MAIN GAS
  31  0:27  Drone  
  40  0:28  Overlord  
  42  0:29  Queen  4th
  44  0:30  Queen  5th
  46  0:31  Overlord  
  46  0:32  Queen  @3rd Hatch
Spawning Tool Build Advisor. Get it on Overwolf

Go to:

Details

  • Created by: Jeff1921
  • Published on: Jun 26, 2020
  • Modified on: Jun 26, 2020
  • Patch: 4.11.0
  • Difficulty: Medium
Show
View Real Time Build Order
Export as new Build Order

Comments (0)

There are no comments. Be the first!

Create an account to comment!